 Dungeon Crawl Stone Soup version 0.30-a0-591-g3c58d2bc28 (webtiles) character file.

Game seed: 806113142671218527

730 kae the Changer (level 7, 0/48 HPs)
             Began as a Demonspawn Transmuter on Jan 5, 2023.
             Succumbed to their own poison gas
             ... on level 3 of the Dungeon.
             The game lasted 00:05:02 (2918 turns).

kae the Changer (Demonspawn Transmuter)             Turns: 2918, Time: 00:05:02

Health: 0/48       AC:  2    Str: 10    XL:     7   Next: 44%
Magic:  11/11      EV: 12    Int: 16    God:
Gold:   121        SH:  0    Dex: 14    Spells: 2/12 levels left

rFire   . . .      SeeInvis .      - Unarmed
rCold   . . .      Faith    .    (no shield)
rNeg    . . .      Spirit   .    a - +0 robe
rPois   +          Reflect  .    (helmet restricted)
rElec   .          Harm     .    (no cloak)
rCorr   .          Rampage  .    (no gloves)
Will    .....                    (no boots)
Stlth   +                        (no amulet)
HPRegen 0.28/turn                P - ring of poison resistance
MPRegen 0.24/turn                (no ring)

@: lethally poisoned (0 -> -5)
A: hooves 2, horns 1, magic regeneration
a: no special abilities


You were on level 3 of the Dungeon.
You visited 1 branch of the dungeon, and saw 3 of its levels.
You also visited: Sewer.

You collected 121 gold pieces.


Innate Abilities, Weirdness & Mutations

You have hoof-like feet.
You have a pair of small horns on your head.
You regenerate magic rapidly.


   Skills:
 - Level 1.0 Fighting
 - Level 1.7 Dodging
 + Level 4.6 Unarmed Combat
 - Level 3.0 Spellcasting
 * Level 5.7 Transmutations
 * Level 1.5 Ice Magic
 - Level 1.5 Poison Magic


You had 2 spell levels left.
You knew the following spells:

 Your Spells              Type           Power      Damage    Failure   Level
a - Beastly Appendage     Tmut           40%        N/A       1%          1
b - Wereblood             Tmut           20%        N/A       2%          2
c - Spider Form           Tmut/Pois      14%        N/A       13%         3
d - Ice Form              Ice/Tmut       14%        N/A       38%         4

Your spell library contained the following spells:

 Spells                   Type           Power      Damage    Failure   Level
 Sting                    Tmut/Pois      56%        1d5       4%          1
 Freeze                   Ice            28%        1d5       10%         1
 Poisonous Vapours        Pois/Air       8%         N/A       21%         2
 Ignite Poison            Fire/Tmut/Pois 10%        N/A       21%         3
 Frozen Ramparts          Ice            14%        1d3       30%         3
 Hailstorm                Conj/Ice       4%         3d4       38%         3
 Kindle Blastsparks       Fire/Tloc/Air  4%         2d10      50%         3
 Olgreb's Toxic Radiance  Pois           7%         N/A       69%         4
 Freezing Cloud           Conj/Ice/Air   2%         6-21      99%         5

Inventory:

Missiles
 b - 15 poisoned darts
 g - 35 stones
 i - a curare-tipped dart {=f}
Armour
 a - a +0 robe (worn)
 c - a +0 pair of gloves
   (You found it on level 3 of the Dungeon)
Jewellery
 P - a ring of poison resistance (left hand)
   (You found it on level 3 of the Dungeon)
Scrolls
 e - 4 scrolls of vulnerability {!r!r}
Potions
 d - a potion of mutation {!q}
 f - 3 potions of haste {@q3}
 j - 2 potions of degeneration {!q}
 k - a potion of cancellation
 l - a potion of magic

Dungeon Overview and Level Annotations

Branches:
Dungeon (3/15) Zot: 15704   Sewer (visited)

Altars:

Shops:
D:3

[ ## #.#
.##.# #.#
.#.# #.# ..#
#.# ##.# #.#
#..###.#
###......#
##~.....##
##~~@...##
###~~#.$.###
#~~#.......
#~~#...###.
#~~##...)..
#~~.####..
#.~~~~~~~...
#..~~~~~~~..
#..~#####~~#


There were no monsters in sight!


Message History

Done exploring.
There is a gate leading back out of this place here.
Welcome back to the Dungeon!
There is a collapsed entrance here.
Unknown command.
Okay, then.
You hit the worm. Your kick misses the worm. Your headbutt misses the worm.
The worm bites you.
You hit the worm but do no damage. Your punch misses the worm. 😕 HP[-6]
You take 6 damage, and now have 42/48 hp.
You hit the worm. Your kick misses the worm. The worm bites you.
You hit the worm but do no damage. You punch the worm.
The worm splashes around in the water. 😕 HP[-5]
You take 5 damage, and now have 37/48 hp.
You hit the worm. You hit the worm. You headbutt the worm.
The worm barely misses you.
You hit the worm. You claw the worm.
You kill the worm!
Your talons disappear.
No target in view! 😕 HP[+1] No target in view!
No target in view!
No target in view!
No target in view!
The air fills with toxic fumes!
As you read the scroll labelled ZIFEJ GEMUDI, it crumbles to dust.
It was a scroll of poison.
Unknown command.
You enter the shallow water.
Moving in this stuff is going to be slow.
Natasha, Servant of Life and Death comes into view. 😕 HP[+4]
You regained 4 hp, and now have 42/48 hp.
Natasha is nearby!
Unknown command.
Natasha mumbles some strange words.
You feel disoriented.
Casting: Beastly Appendage (safe; 1% risk of failure)
Confirm with . or Enter, or press ? or * to list all spells.
You turn into a venomous arachnid creature.
Your +0 robe melds into your body.
You are engulfed in poison gas.
You are poisoned.
You feel very sick.
You are engulfed in poison gas.
You are lethally poisoned!
* * * LOW HITPOINT WARNING * * *
You feel extremely sick.
Natasha stares at you and mumbles some strange words.
You resist with some effort.
* * * LOW HITPOINT WARNING * * *
You feel extremely sick.
Natasha barely misses you. 😨 HP[-27] MP[-2]
You take 27 damage, and now have 15/48 hp.
MASSIVE DAMAGE!! (PAUSE)
You lost 2 mp, and now have 9/11 mp.
You bite Natasha!
Natasha is poisoned.
* * * LOW HITPOINT WARNING * * *
You feel very sick. Natasha misses you. 😱 HP[-3]
You take 3 damage, and now have 12/48 hp.
It was a potion of might.
You feel very mighty all of a sudden.
* * * LOW HITPOINT WARNING * * *
You feel very sick. Natasha claws you.
* * * LOW HITPOINT WARNING * * *
😱 HP[-5]
You take 5 damage, and now have 7/48 hp.
It was a potion of cancellation.
Your magical effects are unravelling.
You feel magically purged.
Your transformation has ended.
Your +0 robe unmelds from your body.
You feel a little less mighty now.
* * * LOW HITPOINT WARNING * * *
You feel sick. Natasha misses you. 😱 HP[-2]
You take 2 damage, and now have 5/48 hp.
It was a potion of magic.
Magic courses through your body.
* * * LOW HITPOINT WARNING * * *
You feel very sick.
Natasha barely misses you. 😱 HP[-3] MP[+2]
You take 3 damage, and now have 2/48 hp.
Your mp is fully restored (11).
Unknown command.
You completely miss Natasha. You kick Natasha.
You kill Natasha!
You feel Natasha's spirit has finally been put to rest.
* * * LOW HITPOINT WARNING * * *
You feel sick.
Unknown command.
Okay, then.
There is a lethal amount of poison in your body!
You die...

Skill      XL: |  1  2  3  4  5  6  7 |
---------------+----------------------+-----
Transmutations | 2 3 4 5 |  5.7
Unarmed Combat | 3 4 |  4.6
Poison Magic   | 1 |  1.5
Spellcasting   | 3 |  3.0
Ice Magic      | 1 |  1.5
Fighting       | |  1.0
Dodging        | |  1.7

Action                   |  1- 3 |  4- 6 |  7- 9 || total
-------------------------+-------+-------+-------++-------
Melee: Unarmed           |   106 |   108 |    48 ||   262
       Kick              |    17 |    11 |     5 ||    33
       Headbutt          |    15 |     5 |     6 ||    26
       Punch             |     2 |       |     1 ||     3
 Cast: Beastly Appendage |    24 |     8 |     1 ||    33
       Spider Form       |       |     3 |     3 ||     6
       Ice Form          |       |       |     1 ||     1
       Wereblood         |       |       |     1 ||     1
  Use: Scroll            |     3 |     4 |     1 ||     8
       Potion            |     1 |     5 |     3 ||     9
 Stab: Sleeping          |       |     1 |       ||     1
Armor: Robe              |    21 |    19 |     1 ||    41
       Skin              |     6 |     2 |    19 ||    27
Dodge: Dodged            |    72 |    80 |    46 ||   198

Levels and vault maps discovered:
D:1:      saegor_arrival_simple_e, layout_basic,
          dreamdust_ecumenical_altar_angels_and_demons, corexii_leaking_fountain
D:2:      layout_basic
D:3:      layout_basic, serial_shops, shop_fountains,
          cheibrodos_sewer_entry_bend, kennysheep_generic_room_4, uniq_terence,
          uniq_grinder, uniq_natasha

Notes
Turn   | Place    | Note
-------+----------+-------------------------------------------
     0 | D:1      | kae the Demonspawn Transmuter began the quest for the Orb.
     0 | D:1      | Reached XP level 1. HP: 15/15 MP: 3/3
     0 | D:1      | magus.rc [v1.11.3]
    34 | D:1      | You pick up a book of Frost and begin reading...
    34 | D:1      | You add the spells Freeze, Frozen Ramparts and Hailstorm to
                  | your library.
    63 | D:1      | Reached skill level 2 in Transmutations
   182 | D:1      | Gained mutation: You regenerate magic rapidly. [demonic
                  | ancestry]
   182 | D:1      | Reached XP level 2. HP: 19/21 MP: 3/5
   370 | D:1      | Found a faded altar of an unknown god.
   555 | D:1      | Reached skill level 3 in Unarmed Combat
   692 | D:1      | You feel monstrous as your demonic heritage exerts itself.
   692 | D:1      | Discovered your monstrous ancestry.
   692 | D:1      | Mutation became permanent: You have a pair of small horns
                  | on your head. [demonic ancestry]
   692 | D:1      | Gained mutation: You have a pair of horns on your head.
                  | [demonic ancestry]
   692 | D:1      | Reached XP level 3. HP: 21/26 MP: 4/6
   705 | D:1      | Learned a level 2 spell: Wereblood
   709 | D:1      | Learned a level 3 spell: Spider Form
  1237 | D:2      | Noticed a scorpion
  1252 | D:2      | Killed a scorpion
  1253 | D:2      | Reached skill level 3 in Transmutations
  1253 | D:2      | Reached skill level 1 in Poison Magic
  1253 | D:2      | Reached XP level 4. HP: 32/32 MP: 1/8
  1296 | D:2      | You add the spells Kindle Blastsparks, Ignite Poison and
                  | Freezing Cloud to your library.
  1958 | D:3      | Found Coimar's Armour Shoppe.
  2050 | D:3      | Noticed Natasha
  2051 | D:3      | Noticed Terence
  2063 | D:3      | Killed Natasha
  2064 | D:3      | Reached XP level 5. HP: 11/37 MP: 5/9
  2095 | D:3      | Noticed Natasha
  2162 | D:3      | You add the spells Sting, Poisonous Vapours and Olgreb's
                  | Toxic Radiance to your library.
  2211 | D:3      | Noticed Grinder
  2219 | D:3      | Killed Terence
  2220 | D:3      | Reached skill level 3 in Spellcasting
  2227 | D:3      | Killed Natasha
  2233 | D:3      | HP: 9/37 [Grinder/nerve-wracking pain (8)]
  2237 | D:3      | Killed Grinder
  2238 | D:3      | Reached skill level 4 in Unarmed Combat
  2238 | D:3      | Reached skill level 4 in Transmutations
  2238 | D:3      | Gained mutation: You have large cloven feet. [demonic
                  | ancestry]
  2238 | D:3      | Reached XP level 6. HP: 8/43 MP: 8/10
  2258 | D:3      | Found a glowing drain.
  2267 | Sewer    | Entered a sewer
  2486 | Sewer    | Reached skill level 5 in Transmutations
  2487 | Sewer    | HP: 9/43 [kobold brigand/+0 whip (4)]
  2488 | Sewer    | HP: 3/43 [kobold brigand/+0 whip (6)]
  2493 | Sewer    | Gained mutation: You have hoof-like feet. [demonic
                  | ancestry]
  2493 | Sewer    | Reached XP level 7. HP: 14/48 MP: 11/11
  2647 | Sewer    | Learned a level 4 spell: Ice Form
  2764 | Sewer    | Reached skill level 1 in Ice Magic
  2908 | D:3      | Noticed Natasha
  2913 | D:3      | HP: 12/48 [poisoned by you (poison gas)]
  2915 | D:3      | HP: 5/48 [poisoned by you (poison gas)]
  2916 | D:3      | HP: 2/48 [poisoned by you (poison gas)]
  2917 | D:3      | Killed Natasha
  2918 | D:3      | Succumbed to their own poison gas

Vanquished Creatures
  Grinder (D:3)
  4 kobold brigands (Sewer)
  A scorpion (D:2)
  Terence (D:3)
  Natasha (thrice) (D:3)
  2 adders
  A worm (D:3)
  10 endoplasms
  2 giant cockroaches
  3 hobgoblins (D:1)
  4 jackals (D:1)
  3 quokkas
  13 ball pythons
  10 bats
  6 frilled lizards
  4 goblins
  13 kobolds
  12 rats
93 creatures vanquished.

Vanquished Creatures (collateral kills)
  A giant cockroach (D:3)
  A goblin (D:3)
2 creatures vanquished.

Vanquished Creatures (others)
  A plant (Sewer)
1 creature vanquished.

Grand Total: 96 creatures vanquished

Table legend:
 A = Non-vault XP
 B = Vault XP
 C = Vault XP percentage of total XP
 D = Non-vault monster count
 E = Vault monster count
 F = Vault count percentage of total count
                 A         B        C        D         E       F
            +---------+---------+-------+---------+---------+-------
      Total |     265 |     778 |  74.6 |      60 |      35 |  36.8
            +---------+---------+-------+---------+---------+-------
        D:1 |      49 |       0 |   0.0 |      32 |       0 |   0.0
        D:2 |     114 |       0 |   0.0 |      13 |       0 |   0.0
        D:3 |     102 |     358 |  77.8 |      15 |       5 |  25.0
      Sewer |       0 |     420 | 100.0 |       0 |      30 | 100.0
            +---------+---------+-------+---------+---------+-------

Illustrated notes

Table legend:
 A = Kills in this place as a percentage of kills in entire the game.
 B = Kills by you in this place as a percentage of kills by you in the entire game.
 C = Kills by friends in this place as a percentage of kills by friends in the entire game.
 D = Other kills in this place as a percentage of other kills in the entire game.
 E = Experience gained in this place as a percentage of experience gained in the entire game.
 F = Experience gained in this place divided by the number of levels of this place that you have seen.
                   A       B       C       D       E      F
               +-------+-------+-------+-------+-------+----------------------
         Total | 100.0 | 100.0 | 100.0 |   N/A | 100.0 | 260.8
       Dungeon |  68.4 |  67.7 | 100.0 |   N/A |  59.7 | 207.7
         Sewer |  31.6 |  32.3 |   0.0 |   N/A |  40.3 | 420.0
               +-------+-------+-------+-------+-------+----------------------

Table legend: (Time is in decaauts)
 A = Elapsed time spent in this place.
 B = Non-inter-level travel time spent in this place.
 C = Inter-level travel time spent in this place.
 D = Time resting spent in this place.
 E = Time spent auto-exploring this place.
 F = Levels seen in this place.
 G = Mean time per level.
                   A        B        C        D        E       F      G
               +--------+--------+--------+--------+--------+-----+--------+
         Total |   2934 |   2839 |     95 |     16 |   1856 |   4 |  733.5 |
       Dungeon |   2295 |   2200 |     95 |      0 |   1429 |   3 |  765.0 |
         Sewer |    638 |    638 |      0 |     16 |    426 |   1 |  638.0 |
               +--------+--------+--------+--------+--------+-----+--------+

Top non-repeatable levels by time:
     D:2: 922 daAuts
     D:1: 876 daAuts
   Sewer: 638 daAuts
     D:3: 496 daAuts
